 Dungeon Crawl Stone Soup version 0.30-a0-297-g0ec75d9ef4 (webtiles) character file.

Game seed: 1350835567542046666

116 Lobster4 the Ruffian (level 5, -2/46 HPs)
             Began as a Ghoul Monk on Oct 19, 2022.
             Constricted to death by Duvessa (8 damage)
             ... on level 4 of the Dungeon.
             The game lasted 00:05:10 (1280 turns).

Lobster4 the Ruffian (Ghoul Monk)                   Turns: 1280, Time: 00:05:11

Health: -2/46      AC:  6    Str: 17    XL:     5   Next: 1%
Magic:  4/4        EV: 12    Int:  5    God:
Gold:   45         SH:  0    Dex: 11    Spells: 4/4 levels left

rFire   . . .      SeeInvis .      - Unarmed
rCold   + . .      Faith    .    (no shield)
rNeg    + + +      Spirit   .    i - +0 ring mail
rPois   ∞          Reflect  .    (no helmet)
rElec   .          Harm     .    (no cloak)
rCorr   .          Rampage  .    (no gloves)
Will    .....                    c - +0 pair of boots
Stlth   ++........               (no amulet)
HPRegen 0.00/turn                d - +4 ring of evasion
MPRegen 0.09/turn                (no ring)

@: grasped by roots, inhibited regen, constricted
A: claws 1, cold resistance 1, negative energy resistance 3, inhibited
regeneration, torment resistance 2, devour on kill
a: no special abilities


You were on level 4 of the Dungeon.
You visited 1 branch of the dungeon, and saw 3 of its levels.

You collected 45 gold pieces.

Inventory:

Hand Weapons
 b - a +0 sling
 e - a +0 hand axe
 j - a +0 short sword of protection
Missiles
 f - 4 stones (quivered)
Armour
 a - a +0 robe
 c - a +0 pair of boots (worn)
 h - a +0 leather armour
 i - a +0 ring mail (worn)
Jewellery
 d - a +4 ring of evasion (left claw)
Wands
 p - a wand of digging (7)
Potions
 m - a potion of curing
 o - a potion of lignification {unknown}


   Skills:
 + Level 4.1 Fighting
 + Level 1.4 Armour
 - Level 3.0 Dodging
 + Level 3.4 Stealth
 + Level 4.1 Unarmed Combat


You had 4 spell levels left.
You didn't know any spells.
Your spell library was empty.

Dungeon Overview and Level Annotations

Branches:
Dungeon (2/15)

Altars:

Annotations:
D:2 Terence
D:4 Dowan, Duvessa


Innate Abilities, Weirdness & Mutations

You are immune to poison.
You have sharp fingernails.
Your flesh is cold resistant. (rC+)
You are immune to negative energy. (rN+++)
You do not regenerate when monsters are visible.
You are immune to unholy pain and torment.
You thrive by killing the living.


Message History

The grasping roots grab you! The grasping roots constrict you. x2
The grasping roots constrict you. The grasping roots constrict you.
Duvessa says, "Practise, practise, practise!
One day you'll be as good as me." The grasping roots constrict you.
The grasping roots release their grip on you.
You feel less invigorated.
You feel less confused.
Dowan gestures wildly while chanting.
Dowan blinks!
Duvessa gestures with her weapon.
Duvessa is no longer moving quickly.
Duvessa zaps a wand.
The roots erupt in riotous growth!
The grasping roots grab you! The grasping roots constrict you.
Okay, then.
Unknown command.
It was a potion of curing.
You feel better. The grasping roots constrict you.
The roots grasp on you weakens, but your attempt to escape fails.
The grasping roots constrict you!
You escape the roots grasp.
Duvessa zaps a wand.
The roots erupt in riotous growth!
The grasping roots grab you! The grasping roots constrict you.
* * * LOW HITPOINT WARNING * * *
You escape the roots grasp.
Duvessa zaps a wand.
The roots erupt in riotous growth!
The grasping roots grab you! The grasping roots constrict you.
* * * LOW HITPOINT WARNING * * *
You hear a shout!
The roots grasp on you weakens, but your attempt to escape fails.
The grasping roots constrict you.
* * * LOW HITPOINT WARNING * * *
The grasping roots release their grip on you.
Duvessa zaps a wand.
The roots erupt in riotous growth!
The grasping roots grab you!
The now-empty wand crumbles to dust.
The grasping roots constrict you!
You die...

*,,,,,,,......§..# #....#
*,,,,,,,#.######§########.##.#
,,,,,,,,,,* #.#........##.#
,,,,,,,,,,* #.#.#########.#
*********,* #.............# *
*,,,****####.######...##** *
***,****,,..........+...+,,*
*****,,,* *,*####...####...#*,*
*,,**,*** *,*#.@....e......#*,*
*,,**,* #.......#.###....#*,*
*,,**,* #.......#........#*,*
*,,**,* #.......#####..e.##,*
*,,**,*****#.##+##...........#,*
*,,**,**,,...,,,,#######.#.#.#,**
*,,,*,**,###,,,,,* #.#.#.#,,,
**,,,,,,,,,*,,,,,* #.#.#.####
,,,,*,**,*,*,,,,,* #.#.#e#...


You could see Duvessa.

Vanquished Creatures
  A phantom (D:4)
  An adder (D:2)
  6 ball pythons
  3 endoplasms
  2 giant cockroaches (D:1)
  3 goblins
  3 hobgoblins (D:1)
  6 kobolds
  A bat (D:1)
  A frilled lizard (D:1)
  A rat (D:2)
28 creatures vanquished.

Notes
Turn   | Place    | Note
-------+----------+-------------------------------------------
     0 | D:1      | Lobster4 the Ghoul Monk began the quest for the Orb.
     0 | D:1      | Reached XP level 1. HP: 19/19 MP: 0/0
    95 | D:1      | Reached XP level 2. HP: 24/26 MP: 1/1
   754 | D:1      | Reached XP level 3. HP: 25/31 MP: 2/2
  1000 | D:2      | Noticed Terence
  1082 | D:2      | You fall into a shaft and drop 2 floors!
  1118 | D:4      | Noticed a phantom
  1143 | D:4      | Killed a phantom
  1144 | D:4      | Reached skill level 1 in Armour
  1144 | D:4      | Reached XP level 4. HP: 22/40 MP: 3/3
  1144 | D:4      | Reached XP level 5. HP: 26/46 MP: 4/4
  1241 | D:4      | Noticed Dowan
  1242 | D:4      | Noticed Duvessa
  1280 | D:4      | Constricted to death by Duvessa

Illustrated notes

Levels and vault maps discovered:
D:1:      dpeg_arrival_another_circle, layout_basic,
          nicolae_concentric_dashed_squares_wild
D:2:      layout_basic, minmay_pentomino_pile, uniq_terence, uniq_natasha,
          uniq_robin
D:4:      layout_basic, uniq_duvessa

Skill      XL: |  1  2  3 |
---------------+----------+-----
Dodging        | 3 |  3.0
Fighting       | 4 |  4.1
Armour         | 1 |  1.4
Stealth        | 3 |  3.4
Unarmed Combat | 4 |  4.1

Action                   |  1- 3 |  4- 6 || total
-------------------------+-------+-------++-------
Melee: Unarmed           |   102 |       ||   102
       Punch             |     1 |       ||     1
  Use: Scroll            |     1 |     4 ||     5
       Potion            |       |     2 ||     2
 Stab: Sleeping          |     1 |       ||     1
Armor: Robe              |     6 |       ||     6
       Ring mail         |    12 |       ||    12
Dodge: Dodged            |    82 |     1 ||    83

Table legend: (Time is in decaauts)
 A = Elapsed time spent in this place.
 B = Non-inter-level travel time spent in this place.
 C = Inter-level travel time spent in this place.
 D = Time resting spent in this place.
 E = Time spent auto-exploring this place.
 F = Levels seen in this place.
 G = Mean time per level.
                   A        B        C        D        E       F      G
               +--------+--------+--------+--------+--------+-----+--------+
         Total |   1273 |   1147 |    126 |     74 |    702 |   3 |  424.3 |
       Dungeon |   1273 |   1147 |    126 |     74 |    702 |   3 |  424.3 |
               +--------+--------+--------+--------+--------+-----+--------+

Top non-repeatable levels by time:
     D:1: 971 daAuts
     D:4: 196 daAuts
     D:2: 105 daAuts
